 Dungeon Crawl Stone Soup version 0.20.1-1-g8b1a95d (webtiles) character file.

67 McKennaii the Gusty (level 4, -2/24 HPs)
             Began as a Tengu Air Elementalist on Aug 3, 2017.
             Killed from afar by Ejeck's ghost (9 damage)
             ... with a magic dart
             ... on level 3 of the Dungeon.
             The game lasted 00:05:01 (2342 turns).

McKennaii the Gusty (Tengu Air Elementalist)        Turns: 2342, Time: 00:05:03

Health: -2/24      AC:  3    Str: 13    XL:     4   Next: 16%
Magic:  0/8        EV: 18    Int: 17    God:
Gold:   133        SH:  0    Dex: 14    Spells: 6/7 levels left

rFire    + . .     SeeInvis .   (no weapon)
rCold    + . .     Gourm    .   (no shield)
rNeg     . . .     Faith    .   a - +0 robe
rPois    +         Spirit   .   (helmet restricted)
rElec    +         Reflect  .   p - +0 cloak
rCorr    +         Harm     .   (no gloves)
MR       +....                  (boots unavailable)
Stlth    ++........             (no amulet)
Regen    0.1/turn               g - +6 ring of evasion
MPRegen  0.2/turn               v - ring of protection from magic

@: mighty, resistant, very slightly contaminated, invisible
A: beak, talons 3
a: no special abilities


You were on level 3 of the Dungeon.
You were hungry.

You visited 1 branch of the dungeon, and saw 3 of its levels.

You collected 133 gold pieces.

Inventory:

Armour
 a - a +0 robe (worn)
 k - a +0 buckler
 p - a +0 cloak (worn)
Jewellery
 g - a +6 ring of evasion (left hand)
 v - a ring of protection from magic (right hand)
Scrolls
 d - a scroll of identify
 e - a scroll of immolation {unknown}
 h - 3 scrolls of teleportation {unknown}
 l - a scroll of amnesia {unknown}
 m - a scroll of blinking {unknown}
 n - 3 scrolls of remove curse {unknown}
 o - a scroll of enchant armour {unknown}
 r - a scroll of recharging {unknown}
 t - a scroll of fear {unknown}
Potions
 w - a potion of invisibility
Books
 b - a book of Air

   Spells                             Type                      Level
   a - Shock                          Conjuration/Air              1
   b - Swiftness                      Charms/Air                   2
   c - Static Discharge               Conjuration/Air              3
   d - Airstrike                      Air                          4
   e - Lightning Bolt                 Conjuration/Air              5
Comestibles
 c - 2 bread rations
 f - 2 meat rations
 i - a royal jelly


   Skills:
 + Level 0.2 Fighting
 + Level 2.2 Dodging
 + Level 2.4 Stealth
 + Level 2.3 Spellcasting
 * Level 2.5 Conjurations
 * Level 5.3 Air Magic


You had 6 spell levels left.
You knew the following spells:

 Your Spells              Type           Power        Failure   Level  Hunger
a - Shock                 Conj/Air       ###.         3%          1    #......


Dungeon Overview and Level Annotations

Branches:
Dungeon (3/15)

Altars:
Sif Muna

Annotations:
D:3 Ejeck's ghost, amateur DEWz


Innate Abilities, Weirdness & Mutations

You have a beak for a mouth.
You have claws for feet.


Message History

Ejeck's ghost is heavily damaged.
Ejeck's ghost laughs crazily.
Ejeck's ghost barely misses you.
You closely miss Ejeck's ghost. Your kick misses Ejeck's ghost.
Ejeck's ghost is heavily damaged.
Ejeck's ghost completely misses you.
You hit Ejeck's ghost.
Ejeck's ghost is heavily damaged.
Ejeck's ghost closely misses you.
Casting: Shock
Confirm with . or Enter, or press ? or * to list all spells.
Aiming: Shock
Press: ? - help, Shift-Dir - straight line The zap hits Ejeck's ghost.
Ejeck's ghost appears unharmed.
Ejeck's ghost is heavily damaged.
The zap hits Ejeck's ghost.
Ejeck's ghost is severely damaged.
Ejeck's ghost gestures at you while chanting.
The magic dart hits you!
You die...

#.# #.. #.# #.# #.# #.#
##.###. #.# #.# ...##†
#.# #.# #..##. #.# #.#
#..##.## #.# #.#
#..##..# #.# . ##.#
######..###.###.#W. ...#
#.@.......#........ ####
#W#######...W.W....
#.######.# #.#.#......
#........# #.#.#......
#.######.# #..........
#.# #.#.#...... #.#
#.#.#......
######.#######.#.###....
# ###..............#.#
.###


You could see Ejeck's ghost.

Vanquished Creatures
  An adder (D:2)
  2 oozes (D:3)
  3 dart slugs
  6 bats
  6 giant cockroaches
  7 goblins
  3 hobgoblins (D:3)
  7 kobolds
  2 frilled lizards (D:1)
  3 rats
40 creatures vanquished.

Notes
Turn   | Place    | Note
-------+----------+-------------------------------------------
     0 | D:1      | McKennaii the Tengu Air Elementalist began the quest for the Orb.
     0 | D:1      | Reached XP level 1. HP: 10/10 MP: 4/4
   110 | D:1      | Reached XP level 2. HP: 15/15 MP: 4/6
   627 | D:1      | Reached XP level 3. HP: 19/19 MP: 1/7
   635 | D:1      | Reached skill level 5 in Air Magic
  1397 | D:2      | Found a deep blue altar of Sif Muna.
  1917 | D:3      | Reached XP level 4. HP: 24/24 MP: 4/8
  2279 | D:3      | Noticed Ejeck's ghost (amateur DEWz)
  2342 | D:3      | Killed from afar by Ejeck's ghost

Skill      XL: |  1  2  3 |
---------------+----------+-----
Air Magic      | 5 |  5.3
Conjurations   | 2 |  2.5
Fighting       | |  0.2
Dodging        | |  2.2
Stealth        | |  2.4
Spellcasting   | |  2.3

Action                   |  1- 3 |  4- 6 || total
-------------------------+-------+-------++-------
Melee: Unarmed           |    19 |     3 ||    22
       Kick              |     5 |       ||     5
       Peck              |     6 |       ||     6
 Cast: Shock             |    72 |    23 ||    95
  Use: Scroll            |     1 |       ||     1
       Potion            |       |     4 ||     4
  Eat: Chunk             |     4 |     1 ||     5
Armor: Robe              |     9 |       ||     9
Dodge: Dodged            |    27 |     7 ||    34
